Map: 暮色之塔

Players

Deidara - Winner!

  • Race: Terran Terran
  • League: Platinum

shengy

  • Race: Zerg Zerg
  • League: Platinum

VOD

Have the link to the VOD?

Description

Time

  • Played on: Dec. 22, 2015, 7:33 p.m.
  • Length: 13:54
Show
View Real Time Build Order
Export as new Build Order

Deidara Terran - Winner!

Build Orders: Reaper Expand, MMM Bio 

Get SALT Encoding   

  12  0:00  SCV  
  13  0:13  SCV  
  14  0:19  Supply Depot  
  14  0:25  SCV  
  15  0:40  SCV  
  15  0:42  Barracks  
  16  0:46  Refinery  
  16  0:52  SCV  
  17  1:04  SCV  
  18  1:19  SCV  
  19  1:30  Reaper  
  19  1:32  Supply Depot  
  20  1:33  Orbital Command  
  20  1:55  Command Center  
  20  1:59  SCV  
  21  2:09  Barracks Reactor  
  21  2:11  SCV  
  22  2:19  Refinery  
  22  2:23  SCV  
  22  2:26  Factory  
  23  2:35  SCV  
  24  2:48  SCV  
  24  2:59  Marine x2  
  24  3:00  SCV  
  27  3:08  Barracks  
  27  3:10  Supply Depot, Barracks  
  27  3:11  Factory Tech Lab  
  27  3:12  SCV  
  28  3:20  Orbital Command  
  28  3:24  SCV  
  28  3:26  Marine  
  28  3:27  Marine  
  31  3:35  Siege Tank  
  31  3:36  SCV  
  35  3:48  SCV x2  
  37  3:53  Marine  
  38  3:59  Barracks Reactor, Barracks Tech Lab  
  38  4:00  SCV x2  
  40  4:12  Siege Tank, SCV x2  
  45  4:20  Engineering Bay  
  45  4:24  SCV x2  
  45  4:25  Stimpack, Marine  
  48  4:31  Marine x2  
  48  4:36  SCV x2  
  52  4:39  Marine  
  52  4:43  Marine  
  54  4:46  Refinery  
  54  4:48  Terran Infantry Weapons Level 1  
  54  4:55  Supply Depot  
  54  4:59  Supply Depot  
  54  5:02  Siege Tank, SCV x2, Marine x2  
  54  5:03  Marine  
  62  5:12  Refinery  
  62  5:17  SCV x2, Marine x2  
  66  5:25  Missile Turret, Marine x2  
  66  5:26  Marine  
  69  5:29  SCV x2, Missile Turret  
  69  5:33  Missile Turret  
  71  5:37  Missile Turret  
  71  5:38  Marine  
  71  5:40  Marine  
  71  5:41  SCV x2  
  75  5:46  Starport  
  75  5:53  SCV x2  
  75  5:57  Marine  
  78  6:08  Supply Depot  
  78  6:09  Supply Depot  
  78  6:23  Starport Reactor  
  78  6:26  Combat Shields  
  78  6:29  Marine x4  
  78  6:30  Siege Tank, SCV, Marine  
  78  6:31  SCV  
  78  6:32  Missile Turret  
  88  6:39  Supply Depot x2  
  88  6:42  Supply Depot, Terran Infantry Armor Level 1  
  88  6:47  Marine x4  
  88  6:48  Marine  
  93  6:59  SCV  
  93  7:01  SCV  
  95  7:05  Marine x3  
  95  7:06  Marauder, Missile Turret, Medivac, Marine  
  103  7:08  Medivac  
  103  7:11  SCV  
  106  7:18  Supply Depot  
  106  7:23  Supply Depot, Marine x2  
  106  7:27  Marauder  
  110  7:40  Marine x2  
  110  7:41  Marine  
  110  7:44  Command Center  
  113  7:48  Marauder  
  113  7:49  SCV x2  
  117  8:00  Marine  
  117  8:01  SCV, Marine  
  117  8:04  SCV  
  121  8:10  Marauder  
  123  8:13  SCV  
  123  8:16  SCV  
  125  8:22  Marine  
  125  8:25  SCV  
  127  8:31  Marauder  
  129  8:36  Marine x2  
  103  8:49  Liberator  
  103  8:50  Liberator  
  103  8:53  Marauder, Marine x2  
  103  8:54  Marine  
  105  9:04  Marine  
  105  9:08  Orbital Command  
  112  9:11  Marine x3  
  112  9:14  Marauder  
  112  9:15  SCV  
  112  9:16  SCV  
  119  9:18  Siege Tank  
  119  9:21  Marine  
  116  9:28  SCV  
  116  9:29  Marine x3  
  120  9:32  Liberator x2  
  120  9:35  Marauder  
  122  9:39  Marine  
  123  9:47  Marine  
  123  9:51  Refinery  
  127  9:54  Refinery, Marine  
  127  9:57  Supply Depot, Marauder  
  127  9:58  Supply Depot  
  130  10:02  Supply Depot  
  130  10:05  SCV x2, Command Center  
  130  10:06  SCV  
  133  10:15  Liberator x2  
  133  10:17  SCV x2  
  133  10:18  Marauder, SCV  
  133  10:20  Marine x4  
  142  10:23  Missile Turret  
  142  10:29  SCV  
  149  10:38  Marine x4  
  149  10:39  Marauder  
  155  10:55  Marine  
  155  10:56  Marine x2  
  149  10:58  Liberator  
  149  11:00  Marine  
  149  11:01  Marauder  
  149  11:02  Siege Tank  
  155  11:13  Marine x2  
  155  11:14  Marine  
  155  11:15  Medivac  
  155  11:17  Marine  
  164  11:19  Barracks  
  164  11:22  Marauder  
  166  11:31  Marine x3  
  166  11:32  Barracks  
  169  11:34  Siege Tank  
  169  11:35  Barracks, Marine  
  169  11:36  Barracks  
  173  11:44  Marauder  
  173  11:45  Medivac  
  177  11:49  Marine x3  
  177  11:53  Marine  
  180  11:58  Medivac  
  181  12:05  Marauder  
  181  12:06  Siege Tank  
  181  12:07  Marine x3  
  188  12:11  Marine  
  188  12:16  Planetary Fortress  
  188  12:18  Medivac  
  184  12:25  Barracks Reactor, Marine x3  
  184  12:26  Barracks Reactor  
  184  12:27  Barracks Tech Lab  
  184  12:29  Marine  
  188  12:30  Barracks Reactor  
  188  12:35  Armory  
  188  12:37  Engineering Bay  
  188  12:41  Refinery  
  188  12:42  Refinery  
  188  13:06  Supply Depot  
  188  13:08  Supply Depot  
  188  13:10  Supply Depot  
  188  13:28  Supply Depot, SCV x2, Marine x4  
  188  13:30  SCV  
  188  13:34  Supply Depot  
  200  13:35  Supply Depot  
  200  13:42  Command Center  
  200  13:43  Command Center  
  192  13:53  Supply Depot  
Show
View Real Time Build Order
Export as new Build Order

shengy Zerg 

Build Orders: Hatch First, Lurkers, Muta Ling Bane 

Get SALT Encoding   

  12  0:00  Drone  
  13  0:11  Drone  
  14  0:17  Overlord  
  14  0:35  Drone x3  
  17  0:46  Drone  
  18  0:58  Hatchery  
  18  1:01  Drone  
  18  1:14  Spawning Pool  
  18  1:16  Drone  
  18  1:23  Drone  
  18  1:24  Extractor  
  18  1:38  Drone  
  18  1:39  Drone  
  20  1:50  Overlord  
  20  2:01  Overlord  
  20  2:04  Queen  
  22  2:12  Queen  
  22  2:13  Zergling x4  
  25  2:21  Zergling x2  
  26  2:24  Metabolic Boost  
  27  2:30  Drone  
  27  2:32  Drone  
  27  2:33  Drone  
  29  2:41  Queen  
  31  2:44  Drone  
  31  2:46  Drone  
  33  3:01  Drone  
  33  3:02  Drone  
  35  3:08  Drone x2  
  37  3:15  Drone  
  37  3:16  Drone x2  
  37  3:17  Overlord  
  40  3:25  Overlord  
  40  3:35  Extractor, Drone x5  
  40  3:39  Roach Warren  
  40  3:40  Extractor  
  42  3:42  Lair  
  42  3:58  Drone  
  42  3:59  Drone x4  
  46  4:16  Drone  
  48  4:17  Drone x2  
  49  4:24  Extractor  
  49  4:28  Drone x3  
  51  4:39  Hatchery  
  51  4:41  Glial Reconstitution  
  51  4:42  Hatchery, Evolution Chamber  
  48  4:53  Overlord x3  
  48  4:55  Drone x4  
  50  5:13  Spire  
  49  5:16  Hydralisk Den  
  49  5:18  Drone x2  
  49  5:19  Drone x2  
  52  5:25  Overseer  
  52  5:31  Zerg Ground Armor Level 1  
  52  5:34  Overlord  
  52  5:35  Overlord  
  52  5:36  Evolution Chamber  
  51  5:45  Lurker Den  
  51  5:47  Hydralisk x2  
  51  5:48  Hydralisk  
  57  5:57  Queen  
  59  6:08  Hydralisk x5  
  69  6:18  Zergling x8  
  71  6:19  Zergling x4  
  75  6:26  Mutalisk x2  
  79  6:34  Drone x6  
  85  6:42  Baneling Nest  
  85  6:44  Zerg Melee Weapons Level 1  
  84  6:48  Overlord  
  84  7:11  Drone  
  84  7:12  Drone x8  
  84  7:13  Drone x8  
  101  7:16  Extractor  
  101  7:18  Extractor  
  101  7:20  Infestation Pit  
  98  7:38  Pneumatized Carapace  
  98  7:47  Lurker x2  
  98  7:48  Lurker x4  
  104  7:52  Lurker  
  104  7:58  Zergling x8  
  106  7:59  Zergling x6  
  106  8:01  Overlord x5  
  112  8:07  Muscular Augments  
  112  8:11  Hive  
  112  8:15  Overlord x2  
  110  8:33  Baneling  
  110  8:34  Baneling x5, Centrifical Hooks  
  89  9:00  Zergling x4  
  89  9:01  Zergling x16  
  89  9:02  Zergling x2  
  85  9:17  Drone  
  85  9:18  Drone x7  
  85  9:20  Drone x8  
  85  9:21  Drone  
  85  9:22  Drone  
  102  9:37  Drone x4  
  106  9:45  Zerg Ground Armor Level 2, Zerg Melee Weapons Level 2  
  106  10:01  Drone x2  
  108  10:09  Pathogen Glands  
  108  10:12  Ultralisk Cavern  
  107  10:22  Baneling x3  
  107  10:23  Baneling x7  
  107  10:30  Extractor  
  107  10:31  Hatchery  
  107  10:33  Extractor  
  104  10:36  Hatchery  
  104  10:38  Hatchery  
  97  10:59  Zergling x2  
  97  11:00  Zergling x36  
  97  11:01  Zergling x4  
  97  11:03  Ultralisk  
  97  11:04  Ultralisk x4  
  148  11:06  Baneling x5  
  137  11:33  Drone x7  
  137  11:34  Drone x7  
  151  11:45  Mutalisk x3  
  151  11:46  Mutalisk x3  
  157  11:57  Infestor  
  157  11:58  Infestor  
  161  12:12  Drone  
  161  12:13  Drone x8  
  161  12:14  Drone x7  
  177  12:21  Spore Crawler, Spine Crawler  
  175  12:25  Spore Crawler, Spine Crawler  
  173  12:32  Overseer  
  173  12:33  Queen  
  175  12:43  Infestor x3  
  175  12:44  Infestor  
  181  12:47  Overlord  
  183  13:06  Queen  
  178  13:18  Overlord  
  178  13:19  Overlord  
  190  13:29  Spine Crawler x2  
  190  13:31  Spine Crawler x2  
  190  13:33  Spine Crawler x2  
Tags
 
Add a new tag
Caveats
  • Supply blocks, unpowered buildings, or Contaminate may cause inaccurate times.
  • Supply counts are checked every 10 seconds.